 Dungeon Crawl Stone Soup version 0.27.1-4-g1640c2035a (webtiles) character file.

Game seed: 5729224785820297277

8963 BinkBink the Cruncher (level 11, -1/95 HPs)
             Began as a Minotaur Gladiator on Oct 31, 2021.
             Was an Elder of Makhleb.
             Killed from afar by a wretched star (11 damage)
             ... with a lance of force
             ... on level 1 of the Abyss.
             The game lasted 00:35:39 (12472 turns).

BinkBink the Cruncher (Minotaur Gladiator)         Turns: 12472, Time: 00:35:39

Health: -1/95      AC: 11    Str: 21    XL:     11   Next: 16%
Magic:  10/10      EV: 18    Int:  5    God:    Makhleb [****..]
Gold:   542        SH:  5    Dex: 13    Spells: 10/10 levels left

rFire    . . .     SeeInvis +   j - +7 lajatang (speed)
rCold    . . .     Faith    .   (shield currently unavailable)
rNeg     . . .     Spirit   .   E - +2 troll leather armour
rPois    .         Reflect  +   c - +0 hat
rElec    .         Harm     .   a - +0 cloak
rCorr    .         Rampage  .   y - +0 pair of gloves
Will     .....                  (no boots)
Stlth    +.........             g - amulet of reflection
HPRegen  0.00/turn              h - ring of see invisible
MPRegen  0.12/turn              f - +4 ring of evasion

@: inhibited regen
A: horns 2, retaliatory headbutt, [inhibited regeneration]
a: Renounce Religion, Minor Destruction, Lesser Servant of Makhleb, Major
Destruction


You were on level 1 of the Abyss.
You worshipped Makhleb.
Makhleb was greatly pleased with you.
You visited 2 branches of the dungeon, and saw 12 of its levels.
You visited the Abyss 1 time.

You collected 542 gold pieces.

Inventory:

Hand Weapons
 j - a +7 lajatang of speed (weapon)
Missiles
 d - 3 throwing nets (quivered)
Armour
 a - a +0 cloak (worn)
 c - a +0 hat (worn)
 y - a +0 pair of gloves (worn)
 E - a +2 troll leather armour (worn)
Jewellery
 f - a +4 ring of evasion (right hand)
 g - an amulet of reflection (around neck)
 h - a ring of see invisible (left hand)
 l - an amulet of faith
 p - an amulet of guardian spirit
 r - an amulet of the acrobat
 x - a ring of fire
Wands
 i - a wand of flame (18)
 k - a wand of paralysis (14)
 B - a wand of mindburst (38)
 D - a wand of iceblast (4)
Scrolls
 b - a scroll of immolation
 e - 2 scrolls of teleportation
 q - 5 scrolls of blinking
 s - a scroll of holy word
 t - a scroll of noise
 F - 2 scrolls of summoning {unknown}
Potions
 m - 3 potions of brilliance
 n - a potion of ambrosia {unknown}
 o - 2 potions of cancellation
 v - a potion of curing
 w - a potion of magic {unknown}
 z - a potion of flight {unknown}
 A - a potion of might {unknown}
 C - a potion of attraction {unknown}
 G - a potion of berserk rage {unknown}


   Skills:
 + Level 8.7 Fighting
 + Level 12.7 Staves
 - Level 2.0 Throwing
 * Level 11.9 Armour
 * Level 6.9 Dodging
 - Level 3.7 Shields


You had 10 spell levels left.
You didn't know any spells.
Your spell library contained the following spells:

 Spells                   Type           Power      Damage    Failure   Level
 Animate Skeleton         Necr           0%         N/A       52%         1
 Beastly Appendage        Tmut           0%         N/A       52%         1
 Pain                     Necr           0%         1d4       52%         1
 Sandblast                Erth           0%         2d4       52%         1
 Passwall                 Tmut/Erth      0%         N/A       65%         2
 Wereblood                Tmut           0%         N/A       65%         2
 Conjure Flame            Conj/Fire      0%         6-21      87%         3
 Gell's Gravitas          Tloc           0%         N/A       87%         3
 Ignite Poison            Fire/Tmut/Pois 0%         N/A       87%         3
 Lesser Beckoning         Tloc           0%         N/A       87%         3
 Spider Form              Tmut/Pois      0%         N/A       87%         3
 Teleport Other           Tloc           0%         N/A       87%         3
 Vampiric Draining        Necr           0%         2d6       87%         3
 Passage of Golubria      Tloc           N/A        N/A       99%         4
 Sticky Flame             Conj/Fire      0%         2d3       99%         4
 Lee's Rapid Deconstruct  Erth           0%         3d5*      100%        5
 Silence                  Hex/Air        0%         N/A       100%        5
 Lehudib's Crystal Spear  Conj/Erth      0%         10d2      100%        8


Dungeon Overview and Level Annotations

Branches:
Dungeon (11/15)            Temple (1/1) D:4            Lair (0/6) D:10
    Orc (0/2) D:11

Altars:
Ashenzari
Cheibriados
Dithmenos
Elyvilon
Fedhas
Gozag
Hepliaklqana
Kikubaaqudgha
Makhleb
Nemelex Xobeh
Okawaru
Qazlal
Ru
Sif Muna
Trog
Uskayaw
Vehumet
Wu Jian
Xom
Yredelemnul
Zin
The Shining One

Shops:
D:8 [   D:11 [

Annotations:
D:11 Sonja


Innate Abilities, Weirdness & Mutations

You have a pair of horns on your head.
You reflexively headbutt those who attack you in melee.
[You do not regenerate when monsters are visible.]


Message History

You start resting.
A ynoxinul comes into view.
You feel yourself speed up.
Found a gateway leading deeper into the Abyss.
There is a gateway leading deeper into the Abyss here.
Found a chain mail.
A large abomination comes into view.
A small abomination comes into view.
Found a scroll of enchant weapon.
Found a club.
You see here a scroll of enchant weapon.
u - a scroll of enchant weapon
Found a scroll labelled RASCHOR YSEPT.
You slice the large abomination!!
The large abomination is heavily damaged.
You slash the large abomination! You headbutt the large abomination!
The large abomination is almost destroyed.
The large abomination hits you!
You slash the large abomination!
You destroy the large abomination!
Makhleb accepts your kill.
You feel better.
F - 2 scrolls labelled RASCHOR YSEPT (gained 1)
As you read the scroll of enchant weapon, it crumbles to dust.
Your +6 lajatang of speed glows red for a moment.
A wretched star comes into view.
The wretched star pulses with an eldritch light!
Your regeneration stops near monsters.
The efreet gestures at you. The bolt of fire hits you!!
The efreet gestures at you. The bolt of fire hits you!!!
The wretched star glows turbulently.
The lance of force hits you!
* * * LOW HITPOINT WARNING * * *
You are knocked back by the lance of force.
You slam into the rock wall!
* * * LOW HITPOINT WARNING * * *
The wretched star glows turbulently.
The lance of force hits you!
You die...

### ### #.....#
#.....# #.....####
#......#.#
#.....#.##
#.....###
..#######.......#
.......@........##
...######.*#......#
#.○.R.......# #
#.°☼........# #.
...........# .
.......... # #
###.#....... . ..#
...........#.##.
#... .. .##.#


You could see a wretched star and an efreet.

Vanquished Creatures
  A two-headed ogre (D:9)
  A large abomination (Abyss:1)
  An ugly thing (D:11)
  4 centaur zombies
  The ghost of Tzialkovskiy the Chopper, a novice HOBe of Trog (D:5)
  Maggie (D:7)
  A troll (D:7)
  Prince Ribbit (D:8)
  A meliai zombie (D:11)
  6 yaks (D:11)
  2 wraiths
  A steam dragon (D:7)
  Menkaure (D:7)
  Duvessa (D:6)
  2 water moccasins (D:7)
  5 orc warriors
  2 black bears
  An ice beast (D:8)
  A necrophage (D:5)
  2 ogres
  3 centaurs
  3 kobold brigands
  Blork the orc (D:6)
  2 bullfrogs
  A gnoll sergeant (D:10)
  2 scorpions
  A water moccasin zombie (D:6)
  Dowan (D:6)
  12 killer bees
  3 howler monkeys
  8 wights
  2 electric eels (D:7)
  A bullfrog skeleton (D:4)
  2 bullfrog zombies (D:7)
  3 gnoll shamans
  A jelly (D:8)
  A hound (D:5)
  6 orc priests
  2 iguanas
  8 orc wizards
  Natasha (thrice) (D:4)
  A killer bee zombie (D:7)
  A howler monkey zombie (D:8)
  A howler monkey skeleton (D:4)
  20 gnolls
  5 adders
  An ufetubus (D:4)
  A worm (D:2)
  A dart slug (D:3)
  46 orcs
  9 endoplasms
  A giant cockroach (D:2)
  9 goblins
  A hobgoblin (D:2)
  17 kobolds
  A quokka (D:3)
  7 ball pythons
  6 bats
  4 frilled lizards
  7 rats
241 creatures vanquished.

Notes
Turn   | Place    | Note
-------+----------+-------------------------------------------
     0 | D:1      | BinkBink the Minotaur Gladiator began the quest for the
                  | Orb.
     0 | D:1      | Reached XP level 1. HP: 18/18 MP: 0/0
   175 | D:1      | Reached XP level 2. HP: 25/25 MP: 1/1
   193 | D:1      | Reached skill level 4 in Staves
  1036 | D:2      | Reached XP level 3. HP: 28/30 MP: 2/2
  1494 | D:2      | Reached skill level 1 in Armour
  1625 | D:2      | Found an opulent altar of Gozag.
  1966 | D:3      | Reached XP level 4. HP: 25/38 MP: 3/3
  1975 | D:3      | Reached skill level 5 in Staves
  2248 | D:3      | Found a shimmering altar of Xom.
  2321 | D:3      | Found a glowing golden altar of the Shining One.
  2348 | D:3      | Reached XP level 5. HP: 13/45 MP: 4/4
  3401 | D:4      | Reached skill level 6 in Staves
  3401 | D:4      | Reached skill level 1 in Shields
  3402 | D:4      | Reached XP level 6. HP: 33/51 MP: 5/5
  3606 | D:4      | Found a staircase to the Ecumenical Temple.
  3630 | Temple   | Entered the Ecumenical Temple
  3652 | Temple   | Became a worshipper of Makhleb the Destroyer
  4192 | D:4      | Noticed Natasha
  4198 | D:4      | Killed Natasha
  4202 | D:4      | Noticed Natasha
  4210 | D:4      | Killed Natasha
  4211 | D:4      | Reached skill level 5 in Armour
  4211 | D:4      | Reached XP level 7. HP: 50/58 MP: 6/6
  4326 | D:4      | Noticed Natasha
  4331 | D:4      | Killed Natasha
  4349 | D:5      | Entered Level 5 of the Dungeon
  4407 | D:5      | Found a runed translucent door.
  4414 | D:5      | Reached skill level 7 in Staves
  4415 | D:5      | Noticed Tzialkovskiy's ghost (novice HOBe)
  5284 | D:5      | Reached XP level 8. HP: 67/67 MP: 7/7
  5661 | D:6      | Reached skill level 8 in Staves
  5758 | D:6      | Reached skill level 5 in Fighting
  6183 | D:6      | Reached * piety under Makhleb
  6530 | D:6      | Noticed Blork the orc
  6534 | D:6      | Noticed Duvessa
  6539 | D:6      | Killed Blork the orc
  6539 | D:6      | Noticed Dowan
  6540 | D:6      | Reached skill level 9 in Staves
  6547 | D:6      | Killed Duvessa
  6556 | D:6      | Killed Dowan
  6557 | D:6      | Reached XP level 9. HP: 52/74 MP: 8/8
  7592 | D:5      | Killed Tzialkovskiy's ghost
  8054 | D:7      | Reached skill level 10 in Armour
  8063 | D:7      | Reached skill level 10 in Staves
  8456 | D:7      | Noticed Menkaure
  8480 | D:7      | Killed Menkaure
  8728 | D:7      | Noticed Maggie
  8758 | D:7      | Paralysed by Maggie for 5 turns
  8768 | D:7      | Paralysed by Maggie for 6 turns
  8772 | D:7      | Noticed a white ugly thing
  8775 | D:7      | Killed Maggie
  9117 | D:7      | Noticed a troll
  9127 | D:7      | Killed a troll
  9424 | D:6      | Identified a scroll of acquirement
  9426 | D:6      | Acquired a +3 lajatang of speed
  9868 | D:8      | Reached XP level 10. HP: 46/84 MP: 9/9
 10169 | D:8      | Noticed Prince Ribbit
 10221 | D:8      | Found Qapp's Armour Shop.
 10229 | D:8      | Reached ** piety under Makhleb
 10273 | D:8      | Killed Prince Ribbit
 10274 | D:8      | Reached skill level 11 in Staves
 10365 | D:8      | Reached skill level 5 in Dodging
 10743 | D:9      | Noticed a two-headed ogre
 11111 | D:9      | Killed a two-headed ogre
 11246 | D:10     | Entered Level 10 of the Dungeon
 11247 | D:10     | Found a white marble altar of Elyvilon.
 11254 | D:10     | Reached *** piety under Makhleb
 11279 | D:10     | Reached skill level 12 in Staves
 11382 | D:10     | Found a staircase to the Lair.
 11512 | D:10     | Found an ornate altar of the Wu Jian Council.
 11695 | D:10     | Found a bloodstained altar of Trog.
 12002 | D:11     | Found a staircase to the Orcish Mines.
 12006 | D:11     | Found Ysat's Armour Boutique.
 12077 | D:11     | Reached XP level 11. HP: 95/95 MP: 10/10
 12302 | D:11     | Noticed a brown ugly thing
 12311 | D:11     | Killed a brown ugly thing
 12311 | D:11     | Reached **** piety under Makhleb
 12323 | D:11     | Noticed Sonja
 12369 | D:11     | Cast into level 1 of the Abyss (Sonja)
 12369 | Abyss:1  | Found a corrupted altar of Lugonu.
 12423 | Abyss:1  | Noticed a large abomination
 12452 | Abyss:1  | Killed a large abomination
 12468 | Abyss:1  | Noticed a wretched star
 12472 | Abyss:1  | Killed from afar by a wretched star

Illustrated notes

Levels and vault maps discovered:
D:1:      dpeg_arrival_renting, layout_basic
D:2:      layout_basic, basic_altar
D:3:      layout_basic, mainiacjoe_overflow_catch_the_wave
D:4:      layout_rooms, minmay_temple_entry_water_ring, minmay_misc_feat_roman,
          uniq_natasha
D:5:      layout_basic, ebering_ghost_sewer_d, minmay_misc_feat_chi
D:6:      layout_basic, uniq_duvessa, uniq_blork_the_orc
D:7:      kennysheep_big_flooded_room, layout_basic, st_stairs_3,
          hangedman_decor_points, uniq_maggie, uniq_menkaure
D:8:      layout_basic, serial_shops, shop, minmay_misc_feat_columns,
          uniq_prince_ribbit1
D:9:      layout_roguey
D:10:     layout_loops_ring, nicolae_wu_jian_wuxing_cycle,
          mainiacjoe_overflow_catwalk_spiral
D:11:     layout_roguey, orc_david_3, lemuel_nasty_fountain, uniq_sonja
Temple:   minmay_crystal_spiral_temple
Abyss:1:  base:
D:3

Skill      XL: |  1  2  3  4  5  6  7  8  9 10 |
---------------+-------------------------------+-----
Staves         | 4 5 6 7 9 10 12 | 12.7
Fighting       | 3 4 5 6 8 |  8.7
Armour         | 1 2 3 5 6 8 10 11 | 11.9
Shields        | 1 2 3 |  3.7
Dodging        | 4 6 |  6.9
Throwing       | |  2.0

Action                   |  1- 3 |  4- 6 |  7- 9 | 10-12 || total
-------------------------+-------+-------+-------+-------++-------
Melee: Quarterstaff      |    87 |   147 |   251 |       ||   485
       Headbutt          |     7 |    22 |    62 |    41 ||   132
       Lajatang          |       |       |    17 |   243 ||   260
  Use: Scroll            |       |     1 |    11 |     9 ||    21
       Potion            |       |       |       |     3 ||     3
Armor: Leather armour    |    10 |       |       |       ||    10
       Chain mail        |    25 |    68 |    40 |       ||   133
       Plate armour      |       |       |    75 |       ||    75
       Troll leather arm |       |       |     1 |    43 ||    44
Dodge: Dodged            |    54 |    61 |    95 |   167 ||   377
Block: Other             |    11 |    32 |    63 |    46 ||   152
       Reflection        |     2 |       |     1 |     3 ||     6
